 Seeded DCSS version 0.29-a0-416-g83a48905f1 (webtiles) character file.

Game seed: 10681802144623042105 (custom seed)

372 Hubjo the Firebug (level 6, 0/36 HPs)
             Began as a Deep Elf Fire Elementalist on May 16, 2022.
             Slain by a wight
             ... wielding a +0 flail
              (11 damage)
             ... on level 4 of the Dungeon.
             The game lasted 00:05:03 (4595 turns).

Hubjo the Firebug (Deep Elf Fire Elementalist)      Turns: 4595, Time: 00:05:04

Health: 0/36       AC:  2    Str:  5    XL:     6   Next: 43%
Magic:  2/15       EV: 12    Int: 22    God:
Gold:   249        SH:  0    Dex: 15    Spells: 8/14 levels left

rFire   . . .      SeeInvis .   t - +1 hand axe (vorpal)
rCold   . . .      Faith    .   (no shield)
rNeg    . . .      Spirit   .   a - +0 robe
rPois   .          Reflect  .   (no helmet)
rElec   .          Harm     .   (no cloak)
rCorr   .          Rampage  .   (no gloves)
Will    .....                   (no boots)
Stlth   +++.......              (no amulet)
HPRegen 0.12/turn               (no ring)
MPRegen 0.14/turn               (no ring)

@: no status effects
A: no striking features
a: no special abilities


You were on level 4 of the Dungeon.
You visited 1 branch of the dungeon, and saw 4 of its levels.

You collected 249 gold pieces.

Inventory:

Hand Weapons
 s - a +0 short sword of protection
 t - a +1 vorpal hand axe (weapon)
Armour
 a - a +0 robe (worn)
Wands
 r - a wand of digging (1)
Scrolls
 c - 2 scrolls of fog {unknown}
 f - a scroll of fear {unknown}
 g - a scroll of amnesia {unknown}
 j - 2 scrolls of immolation {unknown}
 k - a scroll of teleportation
 m - a scroll of torment
 o - a scroll of vulnerability
 q - 4 scrolls of poison
Potions
 b - a potion of magic
 d - a potion of heal wounds {unknown}
 e - a potion of flight {unknown}
 h - 5 potions of curing
 i - a potion of cancellation {unknown}
 l - 2 potions of resistance {unknown}
 n - a potion of degeneration {unknown}
 p - a potion of lignification {unknown}


   Skills:
 + Level 2.7 Fighting
 - Level 2.4 Dodging
 + Level 4.3 Stealth
 + Level 4.7 Spellcasting
 - Level 1.1 Conjurations
 * Level 2.0 Transmutations
 + Level 4.8 Fire Magic


You had 8 spell levels left.
You knew the following spells:

 Your Spells              Type           Power      Damage    Failure   Level
a - Foxfire               Conj/Fire      72%        2x1d7     3%          1
b - Blade Hands           Tmut           7%         N/A       77%         5

Your spell library contained the following spells:

 Spells                   Type           Power      Damage    Failure   Level
 Scorch                   Fire           52%        2d7       2%          2
 Conjure Flame            Conj/Fire      18%        6-21      10%         3
 Inner Flame              Hex/Fire       15%        N/A       12%         3
 Flame Wave               Conj/Fire      18%        2d6       30%         4
 Irradiate                Conj/Tmut      6%         3d15      83%         5
 Dragon Form              Tmut           7%         N/A       100%        7


Dungeon Overview and Level Annotations

Branches:
Dungeon (4/15)
 Temple: D:4-7

Altars:
Dithmenos
Xom


Message History

The foxfire hits the wight.
The wight is heavily damaged.
You conjure some foxfire!
The foxfire hits the wight but does no damage.
The wight is heavily damaged.
The foxfire hits the wight.
The wight is severely damaged.
You conjure some foxfire!
The foxfire hits the wight.
The wight is almost destroyed.
The foxfire hits the wight but does no damage.
You conjure some foxfire!
The foxfire hits the wight but does no damage.
The wight is almost destroyed.
The foxfire hits the wight.
The wight is moderately damaged.
You conjure some foxfire!
The foxfire hits the wight.
The wight is almost destroyed.
The foxfire hits the wight but does no damage.
The wight is almost destroyed.
The wight hits you with a +0 hand axe!
You feel drained. The wight barely misses your foxfire.
You conjure some foxfire!
The foxfire hits the wight.
You destroy the wight!
The wight hits you with a +0 flail!
Your life force feels restored.
Your Transmutations skill increases to level 2!
You are too injured to fight recklessly!
You hit the wight.
The wight is moderately damaged.
The foxfire hits the wight.
The wight is heavily damaged.
The foxfire hits the wight.
The wight is severely damaged.
The foxfire hits the wight but does no damage.
The wight is severely damaged.
The wight hits you with a +0 flail.
You hit the wight.
The wight is almost destroyed.
The wight hits you with a +0 flail!
You die...

. ..#>..# #. ## ###...#
#.##. #.[ ###########....
#.. #..............
#........# #..########.
#..††....####..#........
...........#...§.z......
.........#.#..#§@)).....
.........#.#..#§#.#####.
## ................§...#
.. .###########...##.#.#
## .###########.#.##.#.#
..#...#...............
#.#...#.###.##.#.##.##
....
#...................# ...
........#.#.###.....###..


You could see a wight.

Vanquished Creatures
  An ice beast (D:4)
  2 wights (D:4)
  A howler monkey (D:4)
  Ijyb (D:3)
  2 gnolls (D:4)
  An adder (D:2)
  3 worms
  A dart slug (D:2)
  2 orcs (D:3)
  3 endoplasms
  3 giant cockroaches
  6 goblins
  3 hobgoblins
  5 kobolds
  3 quokkas
  A ball python (D:2)
  6 bats
  3 frilled lizards (D:2)
  7 rats
54 creatures vanquished.

Vanquished Creatures (collateral kills)
  An orc wizard (D:3)
  An orc (D:3)
2 creatures vanquished.

Vanquished Creatures (others)
  353 foxfires
353 creatures vanquished.

Grand Total: 409 creatures vanquished

Notes
Turn   | Place    | Note
-------+----------+-------------------------------------------
     0 | D:1      | Hubjo the Deep Elf Fire Elementalist began the quest for
                  | the Orb.
     0 | D:1      | Reached XP level 1. HP: 10/10 MP: 6/6
   679 | D:1      | Reached XP level 2. HP: 15/16 MP: 4/8
   927 | D:2      | Reached skill level 1 in Fighting
  1869 | D:2      | Reached XP level 3. HP: 20/20 MP: 6/9
  2339 | D:3      | Found a faded altar of an unknown god.
  2353 | D:3      | Prayed at the altar of an unknown god.
  2353 | D:3      | Became a worshipper of Xom of Chaos
  2354 | D:3      | Fell from the grace of Xom
  2818 | D:3      | XOM: summons 4 hostile shadow creatures
  3245 | D:3      | Found a shadowy altar of Dithmenos.
  3268 | D:3      | Noticed Ijyb
  3276 | D:3      | Killed Ijyb
  3277 | D:3      | Reached XP level 4. HP: 26/26 MP: 2/11
  3391 | D:3      | XOM: noise
  3902 | D:3      | XOM: summons 3 friendly demons
  4120 | D:4      | Noticed an ice beast
  4128 | D:4      | Killed an ice beast
  4129 | D:4      | Reached XP level 5. HP: 31/31 MP: 5/13
  4210 | D:4      | Learned a level 5 spell: Blade Hands
  4288 | D:4      | XOM: 4-stop teleportation journey
  4395 | D:4      | Reached skill level 1 in Transmutations
  4588 | D:4      | Reached XP level 6. HP: 36/36 MP: 7/14
  4595 | D:4      | Slain by a wight

Illustrated notes

Levels and vault maps discovered:
D:1:      dpeg_arrival_rooms_a, layout_basic, minmay_tree_intersection
D:2:      layout_basic, wander_ebering_terrifying_dragon_lair
D:3:      layout_basic, nicolae_overflow_crystal_walls,
          ebering_ecumenical_altar_webs, cheibrodos_sewer_entry_bend, uniq_ijyb
D:4:      layout_loops_cross, grunt_ministairs_6,
          hangedman_abyss_or_decor_stagger

Skill      XL: |  1  2  3  4  5  6 |
---------------+-------------------+-----
Fighting       | 1 2 |  2.7
Stealth        | 3 4 |  4.3
Spellcasting   | 4 |  4.7
Fire Magic     | 4 |  4.8
Transmutations | 1 2 |  2.0
Dodging        | |  2.4
Conjurations   | |  1.1

Action                   |  1- 3 |  4- 6 || total
-------------------------+-------+-------++-------
Melee: Unarmed           |     1 |       ||     1
       Hand axe          |       |     5 ||     5
 Cast: Foxfire           |   158 |    49 ||   207
Invok: Renounce Religion |     1 |       ||     1
  Use: Scroll            |       |     5 ||     5
       Potion            |       |     1 ||     1
Armor: Robe              |    10 |       ||    10
Dodge: Dodged            |    22 |    19 ||    41

Table legend: (Time is in decaauts)
 A = Elapsed time spent in this place.
 B = Non-inter-level travel time spent in this place.
 C = Inter-level travel time spent in this place.
 D = Time resting spent in this place.
 E = Time spent auto-exploring this place.
 F = Levels seen in this place.
 G = Mean time per level.
                   A        B        C        D        E       F      G
               +--------+--------+--------+--------+--------+-----+--------+
         Total |   4611 |   4598 |     13 |      0 |   4019 |   4 | 1152.8 |
       Dungeon |   4611 |   4598 |     13 |      0 |   4019 |   4 | 1152.8 |
               +--------+--------+--------+--------+--------+-----+--------+

Top non-repeatable levels by time:
     D:3: 1789 daAuts
     D:2: 1501 daAuts
     D:1: 837 daAuts
     D:4: 483 daAuts
